 Dungeon Crawl Stone Soup version 0.23.2 (webtiles) character file.

Game seed: 11598432839365713661

552465 wearedevo the Unseen (level 27, -3/165 HPs)
             Began as a Kobold Gladiator on May 12, 2019.
             Was the Champion of Dithmenos.
             Shot with a bolt by a yaktaur (36 damage)
             ... led by a vault warden
             ... on level 5 of the Vaults on May 17, 2019.
             The game lasted 08:24:57 (87417 turns).

wearedevo the Unseen (Kobold Gladiator)            Turns: 87417, Time: 08:24:57

Health: -3/165     AC: 23    Str: 14    XL:     27
Magic:  37/37      EV: 32    Int: 21    God:    Dithmenos [******]
Gold:   2514       SH:  9    Dex: 19    Spells: 10/56 levels left

rFire    + . .     SeeInvis +   v - +10 quick blade (pierce)
rCold    + . .     Gourm    .   w - +1 buckler {AC+3}
rNeg     + . .     Faith    .   C - +5 robe of Night {Dark MR+ SInv}
rPois    .         Spirit   .   c - +1 helmet of the Ban {rN+ Slay+3}
rElec    .         Reflect  .   p - scarf {rC+ rF+}
rCorr    .         Harm     .   Q - +2 pair of gloves {Dex+3}
MR       +++..                  D - +2 pair of boots {run}
Stlth    ++++++++++             i - amulet of Oguoxerph {Regen+ Stlth+}
HPRegen  0.77/turn              N - +5 ring of evasion
MPRegen  0.25/turn              Y - ring of the Octopus King {Wiz AC+1 EV+1 Str+1 Int+1 Dex+1}

@: very slightly contaminated, wreathed by umbra, quick
A: small, thin metallic scales 1, carnivore, clumsy 1, low mp 1, wild magic 1
}: 2/15 runes: serpentine, barnacled
a: Shadow Step, Shadow Form, Renounce Religion


You were on level 5 of the Vaults.
You worshipped Dithmenos.
Dithmenos was exalted by your worship.
You were very full.

You visited 8 branches of the dungeon, and saw 44 of its levels.
You visited the Abyss 1 time.
You visited 1 bazaar.
You also visited: Ice Cave and Wizlab.

You collected 5931 gold pieces.
You spent 3417 gold pieces at shops.

Inventory:

Hand Weapons
 j - the +7 Singing Sword {slice, sonic wave}
   (You took it off a spriggan defender on level 2 of the Depths)

   It inflicts extra damage upon your enemies.
 v - a +10 quick blade of piercing (weapon)
 I - the +6 rapier of Hohasaor {flame, Str+5}
   (You found it in an ice cave)

   It has been specially enchanted to burn those struck by it, causing extra
   injury to most foes and up to half again as much damage against particularly
   susceptible opponents.
   It affects your strength (+5).
 S - the +5 long sword of Zofuol {slice, rC+ Int+6}
   (You bought it in a shop on level 1 of the Snake Pit)

   It inflicts extra damage upon your enemies.
   It affects your intelligence (+6).
   It protects you from cold.
 X - a +4 rapier of draining
Missiles
 d - 13 throwing nets (quivered) {!f}
Armour
 c - the +1 helmet of the Ban (worn) {rN+ Slay+3}
   (You found it on level 4 of the Shoals)

   It affects your accuracy and damage with ranged weapons and melee attacks
   (+3).
   It protects you from negative energy.
 p - a scarf of resistance (worn)
 w - a +1 buckler of protection (worn)
 C - the +5 robe of Night (worn) {Dark MR+ SInv}
   (You found it on level 2 of the Elven Halls)

   It affects your resistance to hostile enchantments.
   It lets you see invisible.
 D - a +2 pair of boots of running (worn)
 Q - a +2 pair of gloves of dexterity (worn)
Magical Staves
 Z - an uncursed staff of power
Jewellery
 a - an uncursed ring of protection from fire
 i - the amulet of Oguoxerph (around neck) {Regen+ Stlth+}
   (You found it on level 7 of the Dungeon)

   [amulet of regeneration]

   It increases your rate of regeneration.
   It makes you more stealthy.
 l - the ring of Beauty {rElec rC+ Int+4 SInv Stlth-}
   (You found it on level 2 of the Elven Halls)

   [ring of see invisible]

   It affects your intelligence (+4).
   It protects you from cold.
   It insulates you from electricity.
   It lets you see invisible.
   It makes you less stealthy.
 M - an uncursed ring of flight
 N - a +5 ring of evasion (left hand)
 R - an uncursed ring of protection from fire
 Y - a ring of the Octopus King (right hand) {Wiz AC+1 EV+1 Str+1 Int+1 Dex+1}
   (You took it off a deep elf demonologist on level 3 of the Elven Halls)

   [ring of wizardry]

   It improves your spell success rate.
   It affects your AC (+1).
   It affects your evasion (+1).
   It affects your strength (+1).
   It affects your intelligence (+1).
   It affects your dexterity (+1).
Wands
 n - a wand of digging (3)
 t - a wand of acid (34)
 y - a wand of iceblast (44)
 U - a wand of scattershot (5)
Scrolls
 b - 3 scrolls of holy word
 e - 8 scrolls of enchant armour
 g - 6 scrolls of teleportation
 h - 7 scrolls of blinking
 k - 23 scrolls of remove curse {@r2}
 m - a scroll of silence
 o - 16 scrolls of identify {@r1}
 r - 6 scrolls of magic mapping
 u - 7 scrolls of fear
 x - 7 scrolls of fog
 H - a scroll of summoning
 L - 7 scrolls of enchant weapon
Potions
 q - 6 potions of magic
 s - 4 potions of invisibility
 z - 8 potions of might
 A - 5 potions of brilliance
 B - a potion of ambrosia
 E - 3 potions of cancellation
 F - 9 potions of flight
 G - a potion of agility
 J - 11 potions of curing {@q1}
 K - 4 potions of resistance
 O - 7 potions of haste
 P - 6 potions of mutation
 T - 9 potions of heal wounds
Miscellaneous
 W - 4 boxes of beasts
Comestibles
 f - 69 rations


   Skills:
 - Level 15.1 Fighting
 - Level 10.0(11.1) Short Blades
 - Level 5.2(6.7) Long Blades
   Level 3.3(4.7) Maces & Flails
 - Level 5.1(5.6) Staves
 - Level 5.0 Throwing
 - Level 10.0 Armour
 - Level 12.0 Dodging
 - Level 20.0 Stealth
 - Level 8.3 Shields
 - Level 15.0 Spellcasting
 - Level 15.2 Conjurations
 - Level 10.0 Hexes
 - Level 13.0 Summonings
   Level 3.3 Necromancy
 - Level 2.0 Translocations
 - Level 12.0 Transmutations
 + Level 19.2 Earth Magic
 - Level 11.6 Invocations
 - Level 10.0 Evocations


You had 10 spell levels left.
You knew the following spells:

 Your Spells              Type           Power        Failure   Level  Hunger
a - Iron Shot             Conj/Erth      #######...   1%          6    #####..
b - Confusing Touch       Hex            ######       1%          1    None
c - Confuse               Hex            ######..     1%          3    None
d - Apportation           Tloc           ####..       1%          1    None
e - Statue Form           Tmut/Erth      #######..    1%          6    #####..
f - Spellforged Servitor  Conj/Summ      #######...   6%          7    ######.
g - Summon Mana Viper     Hex/Summ       ######..     1%          5    ###....
h - Shatter               Erth           #######...   56%         9    #######
i - Lehudib's Crystal Sp  Conj/Erth      #######...   12%         8    #######

Your spell library contained the following spells:

 Spells                   Type           Power        Failure   Level  Hunger
 Animate Skeleton         Necr           N/A          1%          1    None
 Beastly Appendage        Tmut           ######       1%          1    None
 Flame Tongue             Conj/Fire      #####        1%          1    None
 Magic Dart               Conj           ####         1%          1    None
 Pain                     Necr           ####         1%          1    None
 Sandblast                Erth           ######       1%          1    None
 Shock                    Conj/Air       ####         1%          1    None
 Sting                    Conj/Pois      ####         1%          1    None
 Summon Butterflies       Summ           #######.     1%          1    None
 Summon Small Mammal      Summ           ####         1%          1    None
 Call Imp                 Summ           #######.     1%          2    None
 Corpse Rot               Necr           N/A          1%          2    None
 Passwall                 Tmut/Erth      #######.     1%          2    None
 Sticks to Snakes         Tmut           ######..     1%          2    None
 Sublimation of Blood     Necr           #####.....   1%          2    None
 Throw Flame              Conj/Fire      ######       1%          2    None
 Throw Frost              Conj/Ice       ######       1%          2    None
 Call Canine Familiar     Summ           #######.     1%          3    None
 Conjure Flame            Conj/Fire      ######..     1%          3    None
 Ignite Poison            Fire/Tmut/Pois #####...     1%          3    None
 Inner Flame              Hex/Fire       #####...     1%          3    None
 Mephitic Cloud           Conj/Pois/Air  #####...     1%          3    None
 Portal Projectile        Hex/Tloc       ######       1%          3    None
 Recall                   Summ/Tloc      N/A          1%          3    None
 Spider Form              Tmut/Pois      ######....   1%          3    None
 Stone Arrow              Conj/Erth      ######       1%          3    None
 Summon Guardian Golem    Hex/Summ       ######..     1%          3    None
 Tukima's Dance           Hex            ######..     1%          3    None
 Cause Fear               Hex            ######....   1%          4    None
 Force Lance              Conj/Tloc      ######..     1%          4    None
 Leda's Liquefaction      Hex/Erth       #######...   1%          4    None
 Petrify                  Tmut/Erth      #######.     1%          4    None
 Sticky Flame             Conj/Fire      ######..     1%          4    None
 Summon Ice Beast         Ice/Summ       ######..     1%          4    None
 Summon Lightning Spire   Summ/Air       ######..     1%          4    None
 Throw Icicle             Conj/Ice       ######..     1%          4    None
 Aura of Abjuration       Summ           #######...   1%          5    ###....
 Blade Hands              Tmut           ######....   1%          5    ###....
 Bolt of Magma            Conj/Fire/Erth ######....   1%          5    ###....
 Irradiate                Conj/Tmut      #######...   1%          5    ###....
 Lee's Rapid Deconstruct  Erth           #######...   1%          5    ###....
 Summon Demon             Summ           #######...   1%          5    ###....
 Yara's Violent Unravell  Hex/Tmut       ######....   1%          5    ###....
 Shadow Creatures         Summ           N/A          1%          6    #####..
 Freeze                   Ice            ###.         2%          1    None
 Vampiric Draining        Necr           #####.....   2%          3    None
 Ice Form                 Ice/Tmut       ######..     2%          4    None
 Hydra Form               Tmut           ######....   2%          6    #####..
 Gell's Gravitas          Tloc           ####......   3%          3    None
 Lesser Beckoning         Tloc           ####......   3%          3    None
 Fireball                 Conj/Fire      ######....   3%          5    ###....
 Iskenderun's Battlesphe  Conj/Chrm      ######..     3%          5    ###....
 Summon Forest            Summ/Tloc      ######....   3%          5    ###....
 Venom Bolt               Conj/Pois      ######....   3%          5    ###....
 Poisonous Vapours        Pois/Air       ###...       4%          2    None
 Regeneration             Chrm/Necr      ####......   4%          3    None
 Orb of Destruction       Conj           #######...   4%          7    ######.
 Alistair's Intoxication  Tmut/Pois      ######..     5%          5    ###....
 Animate Dead             Necr           N/A          6%          4    None
 Invisibility             Hex            ######..     6%          6    #####..
 Ozocubu's Armour         Chrm/Ice       ###.....     7%          3    None
 Metabolic Englaciation   Hex/Ice        #####.....   9%          5    ###....
 Silence                  Hex/Air        #####.....   9%          5    ###....
 Summon Hydra             Summ           #######...   9%          7    ######.
 Dragon Form              Tmut           ######....   12%         7    ######.
 Bolt of Fire             Conj/Fire      ######....   14%         6    #####..
 Poison Arrow             Conj/Pois      ######....   14%         6    #####..
 Olgreb's Toxic Radiance  Pois           ###.....     21%         4    None
 Excruciating Wounds      Chrm/Necr      ####......   28%         5    ###....
 Dispersal                Tloc           ####......   73%         6    #####..
 Discord                  Hex            ######....   86%         8    #######
 Deflect Missiles         Chrm/Air       ###.......   93%         6    #####..
 Chain Lightning          Conj/Air       ######....   99%         8    #######
 Controlled Blink         Tloc           N/A          100%        8    #######
 Disjunction              Tloc           ####......   100%        8    #######
 Ignition                 Fire           ###.......   100%        8    #######
 Fire Storm               Conj/Fire      ######....   100%        9    #######
 Glaciate                 Conj/Ice       ######....   100%        9    #######


Dungeon Overview and Level Annotations

Branches:
Dungeon (15/15)            Temple (0/1) D:7            Lair (6/6) D:10
 Shoals (4/4) Lair:4        Snake (4/4) Lair:2        Slime (0/5) Lair:6
    Orc (2/2) D:10            Elf (3/3) Orc:2        Vaults (5/5) D:13
  Crypt (0/3) Vaults:3     Depths (5/5) D:15            Zot (0/5) Depths:5

Altars:
Dithmenos
Fedhas
Makhleb
Nemelex Xobeh
Okawaru
Ru
Sif Muna
Trog
Uskayaw
Zin
Beogh
Jiyva

Shops:
D:15 (   Orc:1 *   Orc:2 }*(?   Elf:1 :=}=   Snake:1 ([*[*   Snake:4 (
Vaults:1 *   Vaults:3 :   Vaults:4 [   Depths:3 *%?(

Portals:
Hell: Depths:1 Depths:2 Depths:3 Depths:4 Depths:5
Abyss: Depths:1 Depths:4
Pandemonium: Orc:2 Depths:3 Depths:5
Ziggurat: Depths:2

Annotations:
D:3 3 runed translucent doors, exclusions: 3 doors and downstairs, Dernum's ghost, amateur SpEE
D:14 1 runed translucent door, staltz's ghost, adept MfGl
Lair:3 exclusion: 4 oklob plants
Lair:6 exclusion: oklob plant
Shoals:1 exclusion: Roxanne, Roxanne
Snake:3 3 runed translucent doors
Elf:2 , 2 runed translucent doors
Vaults:1 3 runed translucent doors, Dacon's ghost, adept MiGl
Depths:3 1 runed translucent door


Innate Abilities, Weirdness & Mutations

You are small and have problems with some larger weapons.
You are carnivorous and can eat meat at any time.
You are partially covered in thin metallic scales. (AC +2)
You are clumsy. (Dex -2)
Your magical capacity is low. (-10% MP)
Your spells are a little harder to cast, but a little more powerful.


Message History

You emit a cloud of dark smoke.
The ettin closely misses you. The deep troll closely misses you.
The deep troll completely misses you. The deep troll misses you.
The tentacled monstrosity tentacle-slaps you.
* * * LOW HITPOINT WARNING * * *
The tentacled monstrosity completely misses you.
The tentacled monstrosity tentacle-slaps you!
* * * LOW HITPOINT WARNING * * *
x2 The tentacled monstrosity constricts you.
Blink to where?
Press: ? - help, Dir - move target cursor You escape the tentacled monstrosity's grasp.
You are very lightly contaminated with residual magic.
As you read the scroll of blinking, it crumbles to dust. 2 yaktaurs and a vault warden come into view.
The vault warden is wielding a +0 long sword of freezing.
The yaktaur shouts!
The yaktaur unwields a +0 arbalest.
The yaktaur completely misses you.
The yaktaur shoots a bolt.
The bolt hits you!!!
You die...

#####.(c....(########
.........9p§§........
...T....8pTXC........
......)<§W§Cp§.......
.......(§§§§§§[......
#####..§§§§§...######
#.......c.p.# ###
#..(#.(......##....
....##....###.@c.c.c
...# #....# #..p....
... #....##........
.. #....##......##
#......# #....##.


You could see an ironheart preserver, a vault warden, an ettin, a vault sentinel
and 4 yaktaurs.

Vanquished Creatures
  2 ancient liches (Vaults:4)
  Sojobo (Vaults:4)
  Margery (Vaults:4)
  Bai Suzhen (Depths:1)
  2 caustic shrikes
  Nikola (Shoals:3)
  Jory (Vaults:2)
  2 tentacled monstrosities
  Jorgrun (D:12)
  2 liches
  2 deep elf blademasters (Elf:3)
  3 titans
  2 deep elf master archers (Elf:3)
  An ancient champion (WizLab)
  Polyphemus (Shoals:3)
  3 acid blobs (Depths:5)
  4 tengu reavers
  A kraken (Shoals:1)
  6 sphinxes
  2 shadow dragons
  A tentacled starspawn (Abyss:3)
  2 storm dragons
  Kirke (D:12)
  Ilsuiw (Lair:4)
  5 nagarajas
  An azure jelly (Depths:5)
  An iron dragon (shapeshifter) (Elf:2)
  A ghost moth (shapeshifter) (Elf:2)
  9 fire giants
  9 frost giants
  4 deep elf sorcerers
  3 iron dragons
  An emperor scorpion (Snake:3)
  Aizul (Snake:4)
  Donald (Orc:2)
  A balrug (Depths:3)
  Louise (Elf:1)
  5 deep elf elementalists
  14 vault wardens
  An angel (Abyss:3)
  14 ironheart preservers
  A cacodemon (Depths:3)
  2 entropy weavers
  A war gargoyle (Vaults:4)
  A spriggan defender (Depths:4)
  21 stone giants
  A caustic shrike skeleton (Depths:4)
  Nessos (Lair:6)
  23 very ugly things
  5 deep elf demonologists
  2 spark wasps (Depths:5)
  A lorocyproca (Depths:5)
  A dire elephant (Lair:2)
  7 deep elf annihilators (Elf:3)
  A purple draconian (Depths:5)
  A red draconian (Depths:5)
  11 merfolk javelineers
  4 blizzard demons
  13 fire dragons
  12 ettins
  A green death (Abyss:3)
  Josephine (Lair:5)
  6 death oozes (Depths:5)
  11 merfolk impalers
  6 deep elf death magi
  6 deep elf high priests (Elf:3)
  4 hydras
  10 great orbs of eyes
  Fannar (Orc:1)
  14 yaktaur captains
  10 naga warriors
  5 ice dragons
  2 rakshasas
  19 vault guards
  A monstrous demonspawn (Depths:5)
  5 spriggan air magi
  6 merfolk avatars
  2 catoblepae
  8 centaur warriors
  A hydra (shapeshifter) (Depths:2)
  8 anacondas
  2 anacondas (shapeshifter)
  3 death knights
  4 merfolk aquamancers
  An alligator snapping turtle (Shoals:4)
  2 satyrs
  20 death yaks
  2 tengu warriors
  29 dancing weapons
  5 ogre magi
  22 two-headed ogres
  12 deep troll shamans
  A hell hog (Depths:3)
  A titan zombie (Depths:4)
  9 deep troll earth magi
  11 orc high priests
  A sun demon (Depths:5)
  4 thrashing horrors (Abyss:3)
  Sonja (Lair:5)
  9 shock serpents
  13 naga sharpshooters
  3 spriggan berserkers
  27 deep elf knights
  10 hell knights
  A wretched star (Abyss:3)
  2 salamander mystics (Snake:3)
  2 soul eaters
  6 iron trolls
  20 skeletal warriors
  A shadow wraith (Vaults:4)
  15 sea snakes
  2 torturous demonspawn (Orc:2)
  A gelid demonspawn (Orc:2)
  A swamp dragon (Abyss:3)
  A sea snake (shapeshifter) (Depths:2)
  A deep troll (shapeshifter) (Depths:2)
  4 flayed ghosts
  3 wizards
  4 glowing orange brains
  3 unseen horrors
  An infernal demonspawn (Orc:2)
  3 naga ritualists
  28 deep trolls
  22 deep elf archers
  2 phantasmal warriors (Vaults:4)
  16 ironbrand convokers
  7 harpies
  5 necromancers
  15 orc knights
  7 wolf spiders
  69 deep elf magi
  A wolf spider zombie (D:14)
  21 manticores
  11 mana vipers
  An orb spider (shapeshifter) (Vaults:3)
  23 ugly things
  4 orc sorcerers
  12 cyclopes
  10 salamanders
  9 fauns
  5 large abominations (Abyss:3)
  A manticore (shapeshifter) (Depths:1)
  16 elephants
  2 moths of wrath (Elf:2)
  13 merfolk sirens
  A stone giant skeleton (Depths:1)
  3 water nymphs
  9 guardian serpents
  An ice statue (Elf:1)
  2 rust devils (Orc:2)
  A gargoyle (D:11)
  A spiny frog (shapeshifter) (Vaults:4)
  11 naga magi
  21 black mambas
  A smoke demon (Orc:2)
  An orange demon (Depths:3)
  4 spectral swamp worms (Depths:2)
  16 vault sentinels
  A torpor snail (shapeshifter) (Elf:3)
  A rime drake (shapeshifter) (Depths:2)
  5 spiny frogs
  A redback zombie (D:15)
  A yaktaur (shapeshifter) (Depths:2)
  4 centaur skeletons
  4 kobold demonologists (Depths:3)
  41 yaktaurs
  6 freezing wraiths
  6 komodo dragons
  2 efreet
  An elf skeleton (Depths:4)
  A rime drake (Lair:3)
  3 anaconda simulacra (IceCv)
  7 ice devils
  3 jumping spiders
  A queen bee (Lair:3)
  3 tengu conjurers
  A hellwing (Orc:2)
  2 golden dragon simulacra (IceCv)
  A wind drake (shapeshifter) (Vaults:1)
  A queen bee (shapeshifter) (Vaults:2)
  10 trolls
  38 merfolk
  10 wind drakes
  3 polar bears
  A polar bear (shapeshifter) (Vaults:4)
  2 hornets (shapeshifter)
  A slime creature (shapeshifter) (Vaults:4)
  8 hornets
  11 raiju
  4 dream sheep (Shoals:3)
  8 snapping turtles
  10 hippogriffs
  26 slime creatures
  A redback (Vaults:1)
  24 water elementals
  4 air elementals
  4 spriggans
  An ice dragon skeleton (Depths:1)
  3 shadows
  4 centaur simulacra
  4 ynoxinuls
  2 tarantellas (Vaults:1)
  8 wraiths
  5 wyverns
  2 ettin skeletons (Vaults:2)
  2 spriggan simulacra
  4 fire bats (Lair:6)
  2 vampires (WizLab)
  2 dire elephant simulacra (IceCv)
  4 basilisks
  3 fire elementals
  3 hogs (D:13)
  2 chaos spawn
  An orc simulacrum (Vaults:2)
  29 yaks
  3 death yak simulacra (IceCv)
  A steam dragon (Lair:3)
  2 neqoxecs
  5 two-headed ogre zombies (WizLab)
  An acid dragon (shapeshifter) (Elf:2)
  A harpy simulacrum (IceCv)
  47 nagas
  9 wargs
  2 hell hounds (Depths:3)
  4 iron troll simulacra (IceCv)
  A soldier ant (D:13)
  2 hydra simulacra (IceCv)
  3 acid dragons
  A soldier ant (shapeshifter) (Vaults:2)
  11 water moccasins
  3 floating eyes (Depths:2)
  6 porcupines
  A porcupine (shapeshifter) (Vaults:5)
  46 orc warriors
  A black bear (Lair:6)
  5 ice beasts
  3 eyes of draining
  3 sky beasts
  16 ogres
  2 necrophages
  A phantom (D:11)
  12 boggarts
  26 wolves
  15 centaurs
  A crocodile (shapeshifter) (Elf:2)
  10 crocodiles
  An orc skeleton (Vaults:2)
  Blork the orc (D:4)
  4 big kobolds
  16 bullfrogs
  2 earth elementals
  A gnoll sergeant (D:8)
  A glowing shapeshifter simulacrum (Vaults:1)
  3 small abominations (Abyss:3)
  A hornet simulacrum (D:13)
  A wyvern skeleton (D:14)
  42 killer bees
  A scorpion (D:10)
  A swamp dragon simulacrum (IceCv)
  10 troll zombies (WizLab)
  A human simulacrum (Vaults:2)
  12 wights
  3 electric eels
  2 howler monkeys
  5 crimson imps
  5 centaur zombies
  A draconian simulacrum (IceCv)
  15 hounds
  2 bullfrog zombies
  5 jellies
  34 orc wizards
  35 orc priests
  5 bullfrog skeletons
  2 iguanas
  A shapeshifter simulacrum (Depths:1)
  15 worker ants
  A hell rat (Lair:3)
  4 troll simulacra (IceCv)
  2 wolf simulacra (IceCv)
  2 ogre zombies (WizLab)
  9 gnolls
  6 adders
  A naga simulacrum (IceCv)
  4 ogre simulacra (IceCv)
  7 shadow imps
  6 white imps
  2 ufetubi (IceCv)
  3 adder skeletons
  7 worms
  2 dart slugs
  8 leopard geckos
  98 orcs
  A ball python (D:4)
  2 giant cockroaches (D:5)
  11 goblins
  6 hobgoblins
  8 jackals (D:3)
  32 kobolds
  2 quokkas
  5 bats
  7 frilled lizards
  A jackal zombie (D:8)
  8 rats
  A crawling corpse (Elf:3)
  4 plants
2051 creatures vanquished.

Vanquished Creatures (collateral kills)
  Mara (Depths:1)
  An ancient lich (WizLab)
  The ghost of Cuucabuana the Slayer, a veteran MiGl of Okawaru (Elf:2)
  3 caustic shrikes
  2 bone dragons (Depths:5)
  2 tentacled monstrosities (Vaults:1)
  A quicksilver dragon (shapeshifter) (Vaults:5)
  A sphinx (Vaults:5)
  A shadow dragon (Vaults:5)
  A storm dragon (Vaults:4)
  3 tengu reavers
  2 nagarajas (Snake:4)
  A frost giant (Depths:2)
  A deep elf sorcerer (Vaults:5)
  2 draconian scorchers (Depths:5)
  2 vault wardens
  A spriggan defender (Depths:2)
  An ironheart preserver (Vaults:4)
  13 very ugly things
  2 stone giants
  A vampire knight (Depths:3)
  A black draconian (Depths:5)
  4 deep elf demonologists
  A blizzard demon (Depths:3)
  3 ettins
  3 fire dragons
  3 death oozes (Depths:5)
  A yaktaur captain (Vaults:5)
  An ogre mage (D:15)
  2 hydras
  8 vault guards (Vaults:4)
  4 ice dragons
  2 naga warriors (Snake:4)
  A great orb of eyes (shapeshifter) (Elf:2)
  3 dancing weapons (Elf:2)
  Erica (D:10)
  A merfolk aquamancer (Shoals:1)
  A hell hog (Depths:3)
  A deep troll shaman (Lair:6)
  A tengu warrior (Depths:2)
  A thrashing horror (Abyss:3)
  2 naga sharpshooters (Snake:4)
  3 deep troll earth magi
  2 death yaks
  2 spriggan berserkers
  3 deep elf knights
  An iron troll (Depths:2)
  11 hell knights
  3 sea snakes (Snake:4)
  A glowing orange brain (Depths:4)
  10 deep trolls
  2 deep elf archers (Elf:3)
  A necromancer (Depths:3)
  A lindwurm (Lair:6)
  An orc sorcerer (Orc:2)
  4 deep elf magi
  13 ugly things
  A manticore (Shoals:1)
  A salamander (Snake:3)
  2 merfolk sirens (Lair:4)
  2 elephants
  2 black mambas
  4 guardian serpents (Snake:4)
  A vault sentinel (Vaults:5)
  A spectral swamp worm (Depths:2)
  A centaur zombie (D:10)
  A centaur skeleton (D:13)
  A water nymph (shapeshifter) (Elf:2)
  A naga mage (Snake:4)
  An orange demon (Depths:3)
  3 yaktaurs
  2 merfolk (Shoals:1)
  A hellwing (Depths:3)
  A hornet (Depths:5)
  2 slime creatures (Depths:5)
  2 raiju (Abyss:3)
  A hippogriff (Lair:3)
  A snapping turtle (Shoals:1)
  2 vampires (WizLab)
  A spriggan (Depths:5)
  A shadow (D:13)
  3 yaks
  4 water elementals
  A wyvern (Lair:3)
  A large abomination (Abyss:3)
  7 nagas
  6 hell hounds (Depths:3)
  2 porcupines (Lair:1)
  An orc warrior (Orc:1)
  An eye of draining (shapeshifter) (Elf:2)
  An ogre (Orc:1)
  A wolf (Lair:6)
  5 crocodiles
  A wolf (shapeshifter) (Elf:2)
  A bullfrog (D:13)
  A water moccasin skeleton (D:10)
  A wight (WizLab)
  4 killer bees (Lair:3)
  3 jellies (Depths:5)
  2 orc priests (D:10)
  2 ogre zombies (WizLab)
  8 orcs
  A crawling corpse (Elf:3)
  4 fungi
  A plant (Lair:6)
244 creatures vanquished.

Vanquished Creatures (others)
  A vampire mage (Depths:2)
  A sea snake (Shoals:3)
  An ugly thing (Depths:1)
  A raiju (Abyss:3)
  A human (D:13)
  A large abomination (Abyss:3)
  A naga (Snake:4)
  2 boggarts (Depths:2)
  A killer bee (Lair:3)
  A small abomination (Abyss:3)
  An ufetubus (IceCv)
  A bush (Lair:6)
  A fire vortex (Lair:6)
  26 fungi
  25 plants
  3 starspawn tentacles (Abyss:3)
68 creatures vanquished.

Grand Total: 2363 creatures vanquished

Notes
Turn   | Place    | Note
-------+----------+-------------------------------------------
     0 | D:1      | wearedevo the Kobold Gladiator began the quest for the Orb.
     0 | D:1      | Reached XP level 1. HP: 12/12 MP: 1/1
   346 | D:1      | Reached XP level 2. HP: 15/17 MP: 2/2
   566 | D:1      | Reached skill level 1 in Stealth
   738 | D:1      | Reached XP level 3. HP: 11/22 MP: 3/3
  2143 | D:2      | Reached skill level 1 in Armour
  2143 | D:2      | Reached skill level 2 in Stealth
  2143 | D:2      | Reached XP level 4. HP: 13/27 MP: 4/4
  3536 | D:2      | Reached XP level 5. HP: 32/32 MP: 5/5
  3748 | D:3      | Reached skill level 3 in Stealth
  3987 | D:3      | Learned a level 1 spell: Animate Skeleton
  3989 | D:3      | Learned a level 1 spell: Confusing Touch
  4513 | D:3      | Found a runed translucent gate.
  4513 | D:3      | Found a runed translucent gate.
  4513 | D:3      | Found a runed translucent gate.
  4513 | D:3      | Identified the +10 dagger "Beastslayer" {venom, MR++ Int-5}
  4513 | D:3      | Noticed Dernum's ghost (amateur SpEE)
  4994 | D:4      | Noticed Blork the orc
  4999 | D:3      | Reached XP level 6. HP: 33/37 MP: 6/6
  5141 | D:4      | Reached skill level 1 in Hexes
  5373 | D:4      | Reached skill level 1 in Necromancy
  5532 | D:4      | Got a polished ring mail
  5543 | D:4      | Identified the +3 ring mail of Divine Intervention {rPois
                  | rF+ MR+} (You found it on level 4 of the Dungeon)
  5657 | D:4      | Reached skill level 1 in Spellcasting
  5823 | D:3      | Reached XP level 7. HP: 26/42 MP: 8/8
  6122 | D:4      | Killed Blork the orc
  6122 | D:4      | Reached skill level 5 in Dodging
  6122 | D:4      | Reached skill level 4 in Stealth
  6329 | D:5      | Entered Level 5 of the Dungeon
  6813 | D:5      | Reached XP level 8. HP: 42/48 MP: 11/11
  7195 | D:5      | Found a shadowy altar of Dithmenos.
  7231 | D:5      | Became a worshipper of Dithmenos the Shadowed
  7422 | D:5      | Reached skill level 5 in Stealth
  7624 | D:5      | Found a bloodstained altar of Trog.
  7886 | D:6      | Noticed a manticore
  8300 | D:6      | Reached * piety under Dithmenos
  8713 | D:6      | Killed a manticore
  8713 | D:6      | Reached skill level 5 in Fighting
  8713 | D:6      | Reached XP level 9. HP: 17/54 MP: 12/14
  8953 | D:7      | Reached skill level 6 in Stealth
  9400 | D:7      | Got a clouded brass amulet
  9407 | D:7      | Identified the amulet of Oguoxerph {Regen+ Stlth+} (You
                  | found it on level 7 of the Dungeon)
  9449 | D:7      | Learned a level 3 spell: Confuse
  9495 | D:7      | Reached skill level 1 in Invocations
  9726 | D:7      | Found a staircase to the Ecumenical Temple.
  9748 | D:7      | Reached skill level 5 in Throwing
 10333 | D:8      | Found an iron altar of Okawaru.
 10355 | D:8      | Reached XP level 10. HP: 60/60 MP: 16/16
 10506 | D:8      | Reached skill level 7 in Stealth
 10988 | D:8      | Reached ** piety under Dithmenos
 11078 | D:8      | Found a blossoming altar of Fedhas.
 11078 | D:8      | Found a glowing silver altar of Zin.
 11083 | D:8      | Found a hide-covered altar of Uskayaw.
 11085 | D:8      | Found a sparkling altar of Nemelex Xobeh.
 11087 | D:8      | Found a deep blue altar of Sif Muna.
 11943 | D:9      | Reached skill level 8 in Stealth
 11962 | D:9      | Reached skill level 5 in Spellcasting
 11962 | D:9      | Reached skill level 5 in Hexes
 12403 | D:9      | Found a sacrificial altar of Ru.
 12603 | D:10     | Entered Level 10 of the Dungeon
 12638 | D:10     | Reached skill level 1 in Short Blades
 12728 | D:10     | Noticed a white ugly thing
 12845 | D:10     | Noticed a death yak
 12846 | D:10     | Noticed a death yak
 12910 | D:10     | Noticed a white ugly thing
 13159 | D:10     | Noticed a death yak
 13159 | D:10     | Noticed a death yak
 13160 | D:10     | Noticed a death yak
 13226 | D:9      | Reached *** piety under Dithmenos
 13286 | D:9      | Killed a death yak
 13286 | D:9      | Reached skill level 9 in Stealth
 13286 | D:9      | Reached XP level 11. HP: 66/66 MP: 18/18
 13350 | D:9      | Killed a death yak
 13350 | D:9      | Reached skill level 5 in Invocations
 13397 | D:9      | Killed a death yak
 13497 | D:9      | Killed a death yak
 13526 | D:9      | Killed a death yak
 13648 | D:10     | Found a staircase to the Lair.
 13692 | D:9      | Reached skill level 10 in Stealth
 13828 | D:10     | Reached skill level 5 in Short Blades
 13852 | Lair:1   | Entered Level 1 of the Lair of Beasts
 14717 | Lair:2   | Noticed an elephant
 14723 | Lair:2   | Killed an elephant
 14821 | Lair:2   | Reached skill level 10 in Dodging
 14873 | Lair:2   | Noticed an elephant
 14880 | Lair:2   | Killed an elephant
 14880 | Lair:2   | Reached XP level 12. HP: 74/74 MP: 19/19
 14961 | Lair:2   | Reached skill level 1 in Evocations
 15103 | Lair:2   | Found a staircase to the Snake Pit.
 15340 | Lair:2   | Reached **** piety under Dithmenos
 15959 | Lair:2   | Noticed a dire elephant
 16002 | Lair:2   | Killed a dire elephant
 16663 | Lair:3   | Reached skill level 5 in Armour
 16748 | Lair:3   | Reached skill level 10 in Fighting
 16762 | Lair:3   | Reached skill level 5 in Evocations
 16953 | Lair:3   | Reached XP level 13. HP: 81/81 MP: 20/20
 17153 | Lair:3   | Reached ***** piety under Dithmenos
 17173 | Lair:3   | Reached skill level 1 in Shields
 17773 | Lair:3   | Noticed a four-headed hydra
 17808 | Lair:3   | Killed a four-headed hydra
 18111 | Lair:4   | Noticed a five-headed hydra
 18118 | Lair:4   | Killed a five-headed hydra
 18158 | Lair:4   | Noticed a six-headed hydra
 18176 | Lair:4   | Killed a six-headed hydra
 18416 | Lair:4   | Found a staircase to the Shoals.
 18440 | Lair:4   | Reached skill level 10 in Short Blades
 18764 | Lair:4   | Noticed a seven-headed hydra
 18769 | Lair:4   | Killed a seven-headed hydra
 19244 | Lair:5   | Noticed Josephine
 19283 | Lair:5   | Killed Josephine
 19479 | Lair:5   | Reached XP level 14. HP: 87/87 MP: 21/21
 19537 | Lair:5   | Noticed Sonja
 19545 | Lair:5   | Killed Sonja
 20140 | Lair:6   | Entered Level 6 of the Lair of Beasts
 20430 | Lair:6   | Noticed Nessos
 20433 | Lair:6   | Killed Nessos
 20611 | Lair:6   | Found a viscous altar of Jiyva.
 20611 | Lair:6   | Found a staircase to the Slime Pits.
 20913 | Lair:6   | Found a blossoming altar of Fedhas.
 20931 | Lair:6   | Reached skill level 10 in Invocations
 21399 | Lair:5   | Reached ****** piety under Dithmenos
 21500 | Lair:6   | Reached skill level 10 in Evocations
 22161 | Lair:6   | Identified a +0 pair of boots of running (You found it on
                  | level 6 of the Lair of Beasts)
 22537 | Snake:1  | Entered Level 1 of the Snake Pit
 22717 | Snake:1  | Reached XP level 15. HP: 91/91 MP: 22/22
 22884 | Snake:1  | Found Laowkaku's General Store.
 22959 | Snake:1  | Found Xaojor's Assorted Antiques.
 22959 | Snake:1  | Found Peesm's Armour Emporium.
 22966 | Snake:1  | Found Wemorph's Armour Shoppe.
 23055 | Snake:1  | Found Xisi's Antique Weapon Shop.
 23063 | Snake:1  | Bought a translucent long sword for 246 gold pieces
 23063 | Snake:1  | Identified the +5 long sword of Zofuol {slice, rC+ Int+6}
                  | (You bought it in a shop on level 1 of the Snake Pit)
 23288 | Snake:1  | Reached skill level 1 in Long Blades
 23828 | Snake:1  | Reached skill level 10 in Armour
 23888 | Snake:1  | Reached skill level 5 in Shields
 25780 | Snake:3  | Noticed a nagaraja
 26040 | Snake:3  | Reached XP level 16. HP: 81/96 MP: 26/26
 26869 | Snake:3  | Found a runed translucent gate.
 26869 | Snake:3  | Found a runed translucent gate.
 26869 | Snake:3  | Found a runed translucent gate.
 27230 | Snake:3  | Killed a nagaraja
 27427 | Snake:4  | Entered Level 4 of the Snake Pit
 27439 | Snake:4  | Noticed Aizul
 27660 | Snake:4  | Killed Aizul
 28060 | Snake:4  | Reached skill level 5 in Long Blades
 28120 | Snake:4  | Noticed a nagaraja
 28134 | Snake:4  | Killed a nagaraja
 28426 | Snake:4  | Noticed a nagaraja
 28438 | Snake:4  | Killed a nagaraja
 28473 | Snake:4  | Noticed Vashnia
 29198 | Snake:4  | Noticed Vashnia
 29198 | Snake:4  | Vashnia changed into Vashnia the emperor scorpion
 29248 | Snake:3  | Killed Vashnia the emperor scorpion
 30313 | Snake:4  | Reached XP level 17. HP: 99/101 MP: 14/30
 31081 | Snake:4  | Found Sots's Weapon Boutique.
 31464 | Snake:4  | Reached skill level 10 in Hexes
 31504 | Snake:4  | Got a serpentine rune of Zot
 31742 | D:10     | Reached skill level 10 in Spellcasting
 31777 | D:10     | Noticed Erica
 31793 | D:10     | Killed Erica
 31859 | D:10     | Found a staircase to the Orcish Mines.
 32450 | Orc:1    | Entered Level 1 of the Orcish Mines
 32450 | Orc:1    | Found Moduqohu's Assorted Antiques.
 32621 | Orc:2    | Entered Level 2 of the Orcish Mines
 32621 | Orc:2    | Found a staircase to the Elven Halls.
 32804 | Orc:1    | Paralysed by an orc sorcerer for 3 turns
 33272 | Orc:1    | Noticed Fannar
 33274 | Orc:1    | Killed Fannar
 33405 | Orc:2    | Found Eddaklig's Magic Scroll Shop.
 33406 | Orc:2    | Found Goidood's General Store.
 35111 | Orc:2    | Noticed Donald
 35113 | Orc:2    | Killed Donald
 35208 | Orc:2    | Found a roughly hewn altar of Beogh.
 36365 | Orc:2    | Found Xoezuyfe's Gadget Shoppe.
 36365 | Orc:2    | Found Pero Qed's Antique Weapon Emporium.
 36365 | Orc:2    | Found a one-way gate leading to the halls of Pandemonium.
 36644 | Orc:2    | Learned a level 1 spell: Apportation
 37624 | D:12     | Reached XP level 18. HP: 110/113 MP: 32/32
 37632 | D:12     | Learned a level 6 spell: Statue Form
 38633 | D:13     | Reached skill level 1 in Transmutations
 38633 | D:13     | Reached skill level 1 in Earth Magic
 38695 | D:13     | Noticed Jorgrun
 38738 | D:12     | Killed Jorgrun
 38926 | D:13     | Noticed Kirke
 39176 | D:12     | Killed Kirke
 39549 | D:13     | You fall through a shaft for 2 floors!
 39549 | D:15     | Entered Level 15 of the Dungeon
 39907 | D:13     | Found a gate to the Vaults.
 40516 | D:14     | You fall through a shaft!
 40601 | D:14     | Found a runed translucent door.
 40651 | D:14     | Noticed staltz's ghost (adept MfGl)
 41435 | Shoals:1 | Entered Level 1 of the Shoals
 41593 | Shoals:1 | Reached skill level 11 in Stealth
 41724 | Shoals:1 | Identified Leyd's Reference Book on Transformation and
                  | Intoxication
 41883 | Shoals:1 | Identified Roxanne's Guide on Changing
 41883 | Shoals:1 | Noticed Roxanne
 42154 | Shoals:1 | Noticed a kraken
 42165 | Shoals:1 | Killed a kraken
 42617 | Shoals:2 | Reached skill level 5 in Transmutations
 42899 | Shoals:2 | Reached skill level 5 in Earth Magic
 43057 | Shoals:2 | Noticed Ilsuiw
 44247 | Shoals:3 | Noticed Polyphemus
 44342 | Shoals:3 | Noticed Nikola
 45012 | Shoals:4 | Entered Level 4 of the Shoals
 45186 | Shoals:4 | Reached XP level 19. HP: 93/119 MP: 25/33
 46067 | Shoals:3 | Reached skill level 12 in Stealth
 46252 | Shoals:3 | Killed Polyphemus
 47062 | Shoals:4 | Got a barnacled rune of Zot
 47274 | Shoals:3 | Killed Nikola
 47427 | Shoals:4 | Found a bloodstained altar of Trog.
 47454 | Shoals:3 | Reached skill level 1 in Translocations
 50092 | Shoals:4 | Identified the +1 helmet of the Ban {rN+ Slay+3} (You found
                  | it on level 4 of the Shoals)
 50237 | Lair:4   | Killed Ilsuiw
 50445 | Vaults:1 | Entered Level 1 of the Vaults
 50703 | Vaults:1 | Reached skill level 15 in Fighting
 50715 | Vaults:1 | Reached XP level 20. HP: 77/127 MP: 26/34
 51156 | Vaults:1 | Found a runed translucent gate.
 51156 | Vaults:1 | Found a runed translucent gate.
 51156 | Vaults:1 | Noticed a tentacled monstrosity
 51156 | Vaults:1 | Noticed a tentacled monstrosity
 51157 | Vaults:1 | Found a runed translucent gate.
 51158 | Vaults:1 | Noticed a tentacled monstrosity
 51160 | Vaults:1 | Noticed a tentacled monstrosity
 51406 | Vaults:1 | Reached skill level 10 in Transmutations
 51596 | Vaults:1 | Reached skill level 10 in Earth Magic
 51788 | Orc:2    | Bought a scroll of teleportation for 42 gold pieces
 51788 | Orc:2    | Bought a scroll of teleportation for 42 gold pieces
 51788 | Orc:2    | Bought a scroll of teleportation for 42 gold pieces
 51792 | Orc:2    | Bought a scroll of holy word for 105 gold pieces
 52805 | Vaults:1 | Found Simysun's Assorted Antiques.
 52877 | Vaults:1 | Bought a scroll of teleportation for 57 gold pieces
 53011 | Vaults:1 | Paralysed by a wizard for 5 turns
 53381 | Vaults:2 | Noticed Jory
 54381 | Vaults:2 | Learned a level 6 spell: Iron Shot
 54389 | Vaults:2 | Learned a level 7 spell: Spellforged Servitor
 55634 | Vaults:2 | Reached XP level 21. HP: 116/134 MP: 33/35
 57007 | Vaults:3 | Found Daelu's Book Shop.
 57020 | Vaults:3 | Reached skill level 1 in Staves
 58561 | Vaults:3 | Reached skill level 1 in Conjurations
 58786 | Vaults:3 | Bought a manual of Summonings for 1545 gold pieces
 58786 | Vaults:3 | Bought a book of the Earth for 910 gold pieces
 58796 | Vaults:3 | Learned a level 5 spell: Summon Mana Viper
 58968 | Vaults:3 | Reached skill level 1 in Summonings
 58983 | Vaults:3 | Found a staircase to the Crypt.
 59858 | Vaults:3 | Reached skill level 5 in Staves
 60392 | Vaults:4 | Reached skill level 5 in Summonings
 60618 | Vaults:4 | Reached XP level 22. HP: 140/140 MP: 36/36
 60620 | Vaults:4 | Noticed Sojobo
 60781 | Vaults:4 | Noticed Margery
 60786 | Vaults:4 | Cast into level 2 of the Abyss (a deep elf sorcerer)
 60821 | Abyss:2  | Found a runed translucent gate.
 60821 | Abyss:2  | Found a runed translucent gate.
 60832 | Abyss:2  | Found a runed translucent gate.
 60840 | Abyss:2  | Found a runed translucent gate.
 60841 | Abyss:2  | Found a runed translucent gate.
 60843 | Abyss:2  | Found a runed translucent gate.
 60847 | Abyss:3  | Found a corrupted altar of Lugonu.
 60847 | Abyss:3  | Found a large runed translucent door.
 60847 | Abyss:3  | Found a large runed translucent door.
 61164 | Abyss:3  | Reached skill level 5 in Conjurations
 61201 | Abyss:3  | Gained mutation: You are clumsy. (Dex -2) [a neqoxec]
 61431 | Vaults:4 | Escaped the Abyss
 61439 | Vaults:4 | Reached skill level 10 in Summonings
 61666 | Vaults:2 | Killed Jory
 62404 | Vaults:1 | Found a runed translucent gate.
 62404 | Vaults:1 | Found a runed translucent gate.
 62413 | Vaults:1 | Found a runed translucent gate.
 62433 | Vaults:1 | Noticed Dacon's ghost (adept MiGl)
 64043 | Vaults:4 | Killed Margery
 64342 | Vaults:4 | Found Vashoufi's Armour Shoppe.
 64572 | Vaults:4 | Killed Sojobo
 64846 | Vaults:1 | Reached XP level 23. HP: 144/144 MP: 22/37
 65077 | D:15     | Found a staircase to the Depths.
 65476 | D:15     | Found Xubetogg's Weapon Shoppe.
 65651 | Depths:1 | Entered Level 1 of the Depths
 66589 | Depths:1 | You fall through a shaft!
 66626 | Depths:2 | Noticed a caustic shrike
 66712 | Depths:2 | Found a gateway to Hell.
 66838 | Depths:1 | Noticed Bai Suzhen
 66870 | Depths:1 | Killed Bai Suzhen
 66874 | Depths:1 | Reached skill level 10 in Conjurations
 66963 | Depths:1 | Noticed Mara
 67007 | Depths:1 | Noticed wearedevo's illusion
 67021 | Depths:1 | Identified the cursed +3 demon whip of Callousness {drain,
                  | Str+5 Stlth+}
 67275 | Elf:1    | Entered Level 1 of the Elven Halls
 67293 | Elf:1    | Found a magical portal.
 67302 | WizLab   | Entered Zonguldrok's Shrine
 67701 | WizLab   | Found the +9 sword of Zonguldrok {reap}
 67764 | WizLab   | Noticed an antique lich
 67774 | WizLab   | Killed an antique lich
 67909 | Elf:1    | Found a frozen archway.
 67918 | IceCv    | Entered an ice cave
 68139 | IceCv    | Identified the +6 rapier of Hohasaor {flame, Str+5} (You
                  | found it in an ice cave)
 68376 | IceCv    | Reached XP level 24. HP: 150/150 MP: 38/38
 68381 | IceCv    | Identified the cursed +1 plate armour of Arag {rF+} (You
                  | found it in an ice cave)
 69643 | Elf:1    | Found Dobai's Jewellery Shop.
 69643 | Elf:1    | Found Estoh's Gadget Emporium.
 69644 | Elf:1    | Found Menug's Jewellery Shop.
 69732 | Elf:1    | Found Farul's Book Emporium.
 69962 | Elf:1    | Noticed Louise
 70019 | Elf:1    | Killed Louise
 70185 | Elf:1    | Identified the Incunabulum of Conjuration
 70673 | Elf:2    | Identified the +4 ring mail "Goffal" {Int+2 Dex+4} (You
                  | found it on level 2 of the Elven Halls)
 70686 | Elf:2    | Reached skill level 13 in Stealth
 70812 | Elf:2    | Found a transporter.
 70815 | Elf:2    | Found the +5 robe of Night {Dark MR+ SInv}
 70817 | Elf:2    | Noticed Cuucabuana's ghost (veteran MiGl)
 70838 | Elf:2    | Found a transporter.
 70877 | Elf:2    | Reached XP level 25. HP: 155/155 MP: 39/39
 71010 | Elf:2    | Found a large runed translucent door.
 71010 | Elf:2    | Found a large runed translucent door.
 71042 | Elf:2    | Found a large runed translucent door.
 71042 | Elf:2    | Found a large runed translucent door.
 71657 | Elf:2    | Reached skill level 14 in Stealth
 72044 | Elf:3    | Entered Level 3 of the Elven Halls
 72828 | Elf:3    | Reached skill level 15 in Stealth
 73152 | Elf:3    | Identified the +1 hand axe of Rubbish {chop, *Drain rF+ rC+
                  | Str+10}
 73304 | Elf:3    | Identified the amulet of Qocvyoz {Harm *Drain Str+3}
 73750 | Elf:3    | Identified a ring of the Octopus King {Wiz AC+1 EV+1 Str+1
                  | Int+1 Dex+1}
 73832 | Elf:3    | Identified the +4 scale mail of the Lich-sworn {Dex+4}
 73842 | Elf:3    | Identified the +14 plate armour of Genoqy {*Corrode +Inv
                  | Dex+4}
 73945 | Elf:3    | Reached skill level 15 in Conjurations
 74157 | Elf:3    | Learned a level 9 spell: Shatter
 74836 | Elf:2    | Killed Cuucabuana's ghost
 74863 | Elf:2    | Identified the +0 pair of boots of the Bells {Str+3} (You
                  | found it on level 2 of the Elven Halls)
 74865 | Elf:2    | Got a glittering platinum ring
 74866 | Elf:2    | Identified the ring of Beauty {rElec rC+ Int+4 SInv Stlth-}
                  | (You found it on level 2 of the Elven Halls)
 75605 | Depths:1 | Learned a level 8 spell: Lehudib's Crystal Spear
 75796 | Depths:1 | Found a one-way gate to the infinite horrors of the Abyss.
 75950 | Depths:1 | Killed Mara
 75950 | Depths:1 | Reached XP level 26. HP: 160/160 MP: 13/39
 76249 | Depths:1 | Reached skill level 16 in Stealth
 76835 | Depths:2 | Found a gateway to a ziggurat.
 77397 | Depths:2 | Reached skill level 17 in Stealth
 77566 | Depths:2 | Paralysed by a floating eye for 3 turns
 78385 | Depths:2 | Identified the Collected Works on Necromancy
 78630 | Depths:3 | Found Gaetz's General Store.
 78687 | Depths:3 | Found Qoradu's Magic Scroll Shop.
 78740 | Depths:3 | Bought a scroll of brand weapon for 220 gold pieces
 78749 | Depths:3 | Found Funuthunula's Antique Weapon Shoppe.
 78785 | Depths:3 | Found Ymaulu Iroann's Food Boutique.
 78922 | Depths:3 | Reached skill level 18 in Stealth
 78945 | Depths:3 | Found a flickering gateway to a bazaar.
 78961 | Bazaar   | Entered a bazaar
 78974 | Bazaar   | Found Foefec's Jewellery Emporium.
 78986 | Bazaar   | Found Xiwehyob's Food Emporium.
 79010 | Bazaar   | Found Juddirche's General Store.
 79022 | Bazaar   | Found Buoteb's Antique Armour Shoppe.
 79172 | Depths:3 | Reached skill level 15 in Earth Magic
 80291 | Depths:3 | Found a runed translucent door.
 80293 | Depths:3 | Found a runed translucent door.
 80367 | Depths:3 | Found a burning altar of Makhleb.
 80378 | Depths:3 | Identified Asmodeus's Almanac of the Blaze
 80383 | Depths:3 | Identified the +0 robe "Inoesop" {+Inv rF+ rN+} (You found
                  | it on level 3 of the Depths)
 81001 | Depths:4 | Reached skill level 19 in Stealth
 81484 | Depths:4 | Reached XP level 27. HP: 165/165 MP: 39/40
 82548 | Depths:4 | Reached skill level 20 in Stealth
 83197 | Depths:3 | Bought a scroll of blinking for 82 gold pieces
 83197 | Depths:3 | Bought a scroll of teleportation for 33 gold pieces
 83197 | Depths:3 | Bought a scroll of fog for 22 gold pieces
 83197 | Depths:3 | Bought a scroll of teleportation for 33 gold pieces
 83197 | Depths:3 | Bought a scroll of fear for 38 gold pieces
 84308 | Depths:5 | Entered Level 5 of the Depths
 84476 | Depths:5 | Found a gate to the Realm of Zot.
 84619 | Depths:5 | Reached skill level 15 in Spellcasting
 85794 | Vaults:5 | Entered Level 5 of the Vaults
 86060 | Vaults:5 | Noticed an ancient lich
 86169 | Vaults:5 | Gained mutation: You are very clumsy. (Dex -4) [a shining
                  | eye]
 86170 | Vaults:5 | Gained mutation: You occasionally shout uncontrollably at
                  | your foes. [a shining eye]
 86177 | Vaults:4 | Lost mutation: You occasionally shout uncontrollably at
                  | your foes. [potion of mutation]
 86177 | Vaults:4 | Lost mutation: You are very clumsy. (Dex -4) [potion of
                  | mutation]
 86177 | Vaults:4 | Lost mutation: You are clumsy. (Dex -2) [potion of
                  | mutation]
 86177 | Vaults:4 | Gained mutation: You are clumsy. (Dex -2) [potion of
                  | mutation]
 86177 | Vaults:4 | Gained mutation: Your magical capacity is low. (-10% MP)
                  | [potion of mutation]
 86177 | Vaults:4 | Gained mutation: You are partially covered in thin metallic
                  | scales. (AC +2) [potion of mutation]
 86177 | Vaults:4 | Gained mutation: Your spells are a little harder to cast,
                  | but a little more powerful. [potion of mutation]
 86326 | Vaults:4 | Killed an ancient lich
 87078 | Vaults:5 | Noticed an ancient lich
 87171 | Vaults:4 | Killed an ancient lich
 87307 | Vaults:5 | Identified the +5 battleaxe "Isufume" {flame, rElec}
 87417 | Vaults:5 | Shot with a bolt by a yaktaur

Skill      XL: |  1  2  3  4  5  6  7  8  9 10 11 12 13 14 15 16 17 18 19 20 21 22 23 24 25 26 27 |
---------------+----------------------------------------------------------------------------------+-----
Stealth        | 1 2 3 4 5 6 9 10 11 12 13 15 19 20 | 20.0
Maces & Flails | 3 |  3.3
Armour         | 1 2 3 5 6 9 10 | 10.0
Dodging        | 4 5 6 7 8 10 12 | 12.0
Fighting       | 3 4 5 7 8 10 13 14 15 | 15.1
Hexes          | 1 2 3 4 5 7 9 10 | 10.0
Necromancy     | 1 2 3 |  3.3
Spellcasting   | 1 2 3 4 5 7 9 10 11 12 13 15 | 15.0
Throwing       | 3 4 5 |  5.0
Invocations    | 2 4 5 7 9 10 11 | 11.6
Short Blades   | 2 6 8 10 | 10.0
Evocations     | 5 7 10 | 10.0
Shields        | 3 4 6 7 8 |  8.3
Long Blades    | 3 5 |  5.2
Transmutations | 5 9 12 | 12.0
Earth Magic    | 5 9 12 14 15 19 | 19.2
Translocations | 2 |  2.0
Staves         | 5 |  5.1
Conjurations   | 4 8 11 12 15 | 15.2
Summonings     | 5 13 | 13.0

Action                   |  1- 3 |  4- 6 |  7- 9 | 10-12 | 13-15 | 16-18 | 19-21 | 22-24 | 25-27 || total
-------------------------+-------+-------+-------+-------+-------+-------+-------+-------+-------++-------
Melee: Flail             |   129 |    51 |       |     3 |       |       |       |       |       ||   183
       Spear             |       |   167 |   501 |   453 |   371 |       |       |       |       ||  1492
       Mace              |       |       |    51 |   152 |    29 |       |       |       |       ||   232
       Dagger            |       |       |       |   291 |   888 |  1359 |   150 |       |       ||  2688
       Long sword        |       |       |       |       |     4 |   571 |    81 |   170 |       ||   826
       Demon blade       |       |       |       |       |       |    40 |       |       |       ||    40
       Rapier            |       |       |       |       |       |       |  1349 |  1328 |  1131 ||  3808
       Quick blade       |       |       |       |       |       |       |       |       |   542 ||   542
 Fire: Blowgun           |       |     4 |     9 |     4 |       |       |       |       |       ||    17
Throw: Stone             |     1 |    26 |       |       |       |       |       |       |       ||    27
 Cast: Animate Skeleton  |       |       |     5 |    47 |    56 |   110 |       |       |       ||   218
       Confusing Touch   |       |       |       |    28 |   118 |   119 |    29 |     1 |       ||   295
       Confuse           |       |       |       |    13 |    63 |   247 |   402 |   162 |     2 ||   889
       Apportation       |       |       |       |       |       |       |     2 |       |       ||     2
       Statue Form       |       |       |       |       |       |       |     6 |    60 |    98 ||   164
       Summon Mana Viper |       |       |       |       |       |       |       |    58 |    77 ||   135
       Iron Shot         |       |       |       |       |       |       |       |       |   102 ||   102
       Spellforged Servi |       |       |       |       |       |       |       |       |    59 ||    59
Invok: Shadow Step       |       |       |       |       |     4 |     6 |     8 |     1 |       ||    19
       Shadow Form       |       |       |       |       |       |     2 |     3 |       |     1 ||     6
 Abil: Evoke Flight      |       |       |       |       |       |    22 |    15 |       |       ||    37
       Stop Flying       |       |       |       |       |       |     2 |       |       |       ||     2
       End Transformatio |       |       |       |       |       |     1 |     1 |     4 |     5 ||    11
Evoke: Wand              |       |       |       |     2 |       |    23 |    18 |     5 |    14 ||    62
       Sack of spiders   |       |       |       |       |       |       |     1 |       |       ||     1
       Phantom mirror    |       |       |       |       |       |       |       |       |     1 ||     1
  Use: Potion            |       |     2 |     1 |       |       |       |     5 |     3 |     6 ||    17
       Scroll            |       |     2 |    11 |    11 |     4 |    11 |    13 |    15 |    19 ||    86
 Stab: Sleeping          |       |     7 |    12 |    41 |    64 |    77 |    79 |    32 |    98 ||   410
       Distracted        |       |     1 |     3 |     3 |     3 |    17 |     8 |     8 |    36 ||    79
       Invisible         |       |       |     1 |       |       |       |     9 |       |       ||    10
       Confused          |       |       |       |    42 |   149 |   267 |   227 |    69 |       ||   754
  Eat: Chunk             |     6 |    18 |    15 |    24 |    31 |    64 |    54 |    63 |   143 ||   418
       Ration            |       |       |       |       |       |     1 |       |     6 |     6 ||    13
Armor: Leather armour    |    20 |    30 |       |       |       |       |       |       |       ||    50
       Ring mail         |       |    19 |   148 |   176 |   208 |   353 |   233 |   118 |    23 ||  1278
       Skin              |       |       |       |       |       |       |    47 |   454 |   456 ||   957
       Robe              |       |       |       |       |       |       |       |       |    33 ||    33
Dodge: Dodged            |   111 |   191 |   469 |   802 |   831 |  1124 |  1093 |  1565 |  1654 ||  7840
       Deflected         |       |       |       |       |       |     1 |    60 |       |       ||    61
Block: Buckler           |       |       |       |       |   295 |   466 |   461 |   569 |   597 ||  2388
       Rpst.: Long sword |       |       |       |       |       |   129 |    26 |    33 |       ||   188
       Demon blade       |       |       |       |       |       |    10 |       |       |       ||    10
